 Dungeon Crawl Stone Soup version 0.27.1-3-gb3d3a73c9e (webtiles) character file.

Game seed: 6732523990653935758

107 BinkBink the Ruffian (level 4, 0/35 HPs)
             Began as a Draconian Transmuter on Oct 31, 2021.
             Slain by bobkasz2's ghost (6 damage)
             ... on level 3 of the Dungeon.
             The game lasted 00:08:29 (3406 turns).

BinkBink the Ruffian (Draconian Transmuter)         Turns: 3406, Time: 00:08:30

Health: 0/35       AC:  5    Str: 13    XL:     4   Next: 57%
Magic:  7/7        EV: 12    Int: 14    God:
Gold:   67         SH:  0    Dex: 11    Spells: 7/8 levels left

rFire    . . .     SeeInvis .   b - staff of death
rCold    . . .     Faith    .   (no shield)
rNeg     + . .     Spirit   .   (armour unavailable)
rPois    .         Reflect  .   (helmet restricted)
rElec    .         Harm     .   (no cloak)
rCorr    .         Rampage  .   (no gloves)
Will     .....                  (no boots)
Stlth    +.........             (no amulet)
HPRegen  0.11/turn              (no ring)
MPRegen  0.10/turn              (no ring)

@: mighty
A: AC +5, unfitting armour, cold-blooded
a: no special abilities


You were on level 3 of the Dungeon.
You visited 1 branch of the dungeon, and saw 3 of its levels.

You collected 67 gold pieces.

Inventory:

Missiles
 m - 4 silver boomerangs
Magical Staves
 b - a staff of death (weapon)
 f - a staff of air
Scrolls
 a - a scroll of teleportation {unknown}
 c - a scroll of fog
 g - 2 scrolls of identify
 i - a scroll of magic mapping {unknown}
 j - 2 scrolls of blinking
 k - a scroll of vulnerability {unknown}
Potions
 d - a potion of experience {unknown}
 e - a potion of might
 h - a potion of haste {unknown}
 l - a potion of lignification {unknown}


   Skills:
 + Level 1.4 Fighting
 + Level 1.3 Staves
 + Level 2.6 Dodging
 + Level 0.5 Stealth
 + Level 3.7 Unarmed Combat
 + Level 2.5 Spellcasting
 + Level 2.4 Transmutations


You had 7 spell levels left.
You knew the following spells:

 Your Spells              Type           Power      Damage    Failure   Level
a - Beastly Appendage     Tmut           16%        N/A       9%          1

Your spell library contained the following spells:

 Spells                   Type           Power      Damage    Failure   Level
 Wereblood                Tmut           8%         N/A       13%         2
 Spider Form              Tmut/Pois      2%         N/A       38%         3
 Gell's Gravitas          Tloc           0%         N/A       56%         3
 Lesser Beckoning         Tloc           0%         N/A       56%         3
 Teleport Other           Tloc           1%         N/A       56%         3
 Ice Form                 Ice/Tmut       5%         N/A       80%         4


Dungeon Overview and Level Annotations

Branches:
Dungeon (3/15)

Altars:
Dithmenos

Annotations:
D:3 bobkasz2's ghost, weakling HOHu


Innate Abilities, Weirdness & Mutations

Your plain brown scales are hard. (AC +5)
You cannot fit into any form of body armour.
You are cold-blooded and may be slowed by cold attacks.


Message History

Bobkasz2's ghost closely misses you.
You climb downwards.
There is a stone staircase leading up here.
Bobkasz2's ghost hits you.
* * * LOW HITPOINT WARNING * * *
You climb upwards.
There is a stone staircase leading down here.
Bobkasz2's ghost hits you but does no damage.
You climb downwards.
There is a stone staircase leading up here.
Bobkasz2's ghost laughs crazily.
Bobkasz2's ghost shrieks, "You will never get the ORB!"
As you read the scroll labelled BADOEXK NUMUDO, it crumbles to dust.
The scroll dissolves into smoke.
It was a scroll of fog.
Bobkasz2's ghost barely misses you.
Bobkasz2's ghost screams, "You will never get the ORB!"
Bobkasz2's ghost whispers, "Soon you will have time, lots of time..."
As you read the scroll labelled LOIBIGAICA, it crumbles to dust.
It is a scroll of identify.
j - 2 scrolls of blinking Bobkasz2's ghost barely misses you.
As you read the scroll of identify, it crumbles to dust.
e - 2 potions of might Bobkasz2's ghost hits you!
* * * LOW HITPOINT WARNING * * *
You feel very mighty all of a sudden. Bobkasz2's ghost hits you.
* * * LOW HITPOINT WARNING * * *
You closely miss bobkasz2's ghost.
Bobkasz2's ghost is lightly damaged.
Bobkasz2's ghost closely misses you.
You hit bobkasz2's ghost. Your punch misses bobkasz2's ghost.
Bobkasz2's ghost is lightly damaged.
Bobkasz2's ghost hits you.
* * * LOW HITPOINT WARNING * * *
Bobkasz2's ghost hits you but does no damage.
You hit bobkasz2's ghost.
Bobkasz2's ghost is moderately damaged.
Bobkasz2's ghost hits you.
You die...

###..>.........# #.#
#..†.....#####.###.#
#.#.####.# #.....#
#.#.# #.# ###.###
#...# #.# #.##########
#..## #.# #.##........
#..#
#.#######.....######
#..#
#[.........)........
#..#
##.@###..####.######
#..# ##.W##⌠##..###.#
#..# ##..##...##.....#
#.†###..##..!..##.#..#
#..##...'...♣..⌠#.#..#
#.......##..!..##.#..#
##.##.#..##...##..#..#
#.##.##..##⌠##..##..#
#.##.##...###.......#


You could see bobkasz2's ghost.

Vanquished Creatures
  Robin (D:2)
  2 adders
  3 worms
  2 dart slugs (D:3)
  4 endoplasms
  6 giant cockroaches
  10 hobgoblins
  2 jackals (D:1)
  2 ball pythons
  10 bats
  A frilled lizard (D:2)
  9 goblins
  7 kobolds
  4 rats
63 creatures vanquished.

Notes
Turn   | Place    | Note
-------+----------+-------------------------------------------
     0 | D:1      | BinkBink the Draconian Transmuter began the quest for the
                  | Orb.
     0 | D:1      | Reached XP level 1. HP: 16/16 MP: 3/3
   144 | D:1      | Reached XP level 2. HP: 13/23 MP: 5/5
   634 | D:1      | Found a faded altar of an unknown god.
  1099 | D:2      | You fall into a shaft and drop 1 floor!
  1215 | D:2      | Reached XP level 3. HP: 25/28 MP: 6/6
  1923 | D:2      | Found a shadowy altar of Dithmenos.
  1975 | D:2      | Noticed Robin
  2004 | D:2      | Killed Robin
  2005 | D:2      | Reached XP level 4. HP: 14/35 MP: 7/7
  2415 | D:3      | Reached skill level 1 in Staves
  2460 | D:3      | Found a runed translucent door.
  2460 | D:3      | Noticed bobkasz2's ghost (weakling HOHu)
  3406 | D:3      | Slain by bobkasz2's ghost

Illustrated notes

Levels and vault maps discovered:
D:1:      shiori_shiawase, layout_rooms, hellmonk_ecumenical_altar_leap_of_faith
D:2:      layout_basic, basic_altar, lemuel_another_geyser, uniq_robin
D:3:      layout_loops_ring, hellmonk_ghost_happy_afterlife

Skill      XL: |  1  2  3  4 |
---------------+-------------+-----
Dodging        | 2 |  2.6
Staves         | 1 |  1.3
Fighting       | |  1.4
Stealth        | |  0.5
Unarmed Combat | |  3.7
Spellcasting   | |  2.5
Transmutations | |  2.4

Action                   |  1- 3 |  4- 6 || total
-------------------------+-------+-------++-------
Melee: Unarmed           |    38 |       ||    38
       Tailslap          |    18 |    12 ||    30
       Punch             |     4 |     2 ||     6
       Staff             |   173 |    96 ||   269
 Cast: Beastly Appendage |     8 |     5 ||    13
  Use: Scroll            |       |     3 ||     3
       Potion            |       |     1 ||     1
 Stab: Sleeping          |     1 |     3 ||     4
Armor: Skin              |    90 |    40 ||   130
Dodge: Dodged            |   141 |    68 ||   209
